 Dungeon Crawl Stone Soup version 0.19.0-16-g73b5abf (webtiles) character file.

45 HungrySpirit the Charlatan (level 3, -4/27 HPs)
             Began as a Mummy Artificer on Nov 10, 2016.
             Killed from afar by Sigmund (6 damage)
             ... with a magic dart
             ... on level 2 of the Dungeon.
             The game lasted 00:01:35 (1589 turns).

HungrySpirit the Charlatan (Mummy Artificer)        Turns: 1589, Time: 00:01:35

Health: -4/27      AC:  3    Str: 16    XL:     3   Next: 42%
Magic:  5/5        EV: 11    Int: 10    God:
Gold:   158        SH:  0    Dex: 12    Spells: 0 memorised, 2 levels left

rFire  x . .     SeeInvis .     f - +1 dagger (venom)
rCold  + . .     Gourm    .     b - +0 leather armour
rNeg   + + +     Faith    .     (no shield)
rPois  ∞         Spirit   .     (no helmet)
rElec  .         Reflect  .     (no cloak)
rCorr  .         Harm     .     (no gloves)
MR     .....                    (no boots)
Stlth  +.........               (no amulet)
                                (no ring)
                                (no ring)

@: no status effects
A: no food or potions, fire vulnerability, cold resistance 1, negative energy
resistance 3, torment resistance, unbreathing
a: no special abilities


You were on level 2 of the Dungeon.
You were not hungry.

You visited 1 branch of the dungeon, and saw 2 of its levels.

You collected 158 gold pieces.

Inventory:

Hand Weapons
 a - a +0 short sword
 f - a +1 dagger of venom (weapon)
Armour
 b - a +0 leather armour (worn)
Wands
 c - a wand of flame (12/48)
 d - a wand of enslavement (15/24)
 e - a wand of random effects (15/48)
Scrolls
 g - a scroll of amnesia {unknown}
 h - a scroll of noise {unknown}
 i - a scroll of identify {unknown}
 j - a scroll of magic mapping {unknown}


   Skills:
 - Level 2.0 Fighting
 * Level 2.0 Short Blades
 - Level 1.5 Dodging
 - Level 0.7 Stealth
 + Level 2.7 Evocations


You had 2 spell levels left.
You didn't know any spells.

Dungeon Overview and Level Annotations

Branches:
Dungeon (2/15)

Altars:

Annotations:
D:2 Sigmund


Innate Abilities, Weirdness & Mutations

You do not eat or drink.
Your flesh is vulnerable to fire.
You are immune to poison.
Your flesh is cold resistant. (rC+)
You are immune to negative energy. (rN+++)
You are immune to unholy pain and torment.
You can survive without breathing.


Message History

a club; a goblin corpse You closely miss the goblin.
The goblin hits you but does no damage.
You barely miss the goblin. The goblin barely misses you.
You hit the goblin.
You kill the goblin!
Robin closely misses you.
You kill Robin!
Your Short Blades skill increases to level 2!
The hobgoblin no longer looks unusually strong.
The goblin no longer looks unusually strong.
The goblin no longer looks unusually strong.
You see here 14 sling bullets.
There is a stone staircase leading up here.
You closely miss the hobgoblin. The hobgoblin hits you.
* * * LOW HITPOINT WARNING * * *
Sigmund the Dreaded comes into view.
He is wielding a scythe of slicing.
Sigmund shouts!
Sigmund casts a spell at you. The magic dart hits you!
You die...

.......#..............#
#.# #.#
....###..##...##.####.#
#.# #.# ##
#......÷.....# #.# #g#
#!.##..÷##g#.# #.# #.#
#......###.#.#..g ..#
#.# ....###.# #g# #gg#
#.# ###.# ..# #.# #g.#
#.# #.##.####g# #.g#
#.# .......@.# #.g# #.#
......#### #..# #.#
@#... # #g.# #.# ....
....#.g#### #)# #.#
........g..# #)# #
######..##.#####)#
#.?##..g.)..#
#..########## #..#


You could see Sigmund, a hobgoblin and 2 goblins.

Vanquished Creatures
  Robin (D:2)
  A worm (D:2)
  2 giant cockroaches (D:1)
  12 goblins
  5 hobgoblins
  A kobold (D:2)
  3 bats (D:1)
  A frilled lizard (D:2)
  2 rats
28 creatures vanquished.

Notes
Turn   | Place    | Note
-------+----------+-------------------------------------------
     0 | D:1      | HungrySpirit the Mummy Artificer began the quest for the Orb.
     0 | D:1      | Reached XP level 1. HP: 15/15 MP: 2/2
   417 | D:1      | Reached XP level 2. HP: 9/22 MP: 3/3
   788 | D:1      | Reached skill level 1 in Short Blades
  1506 | D:2      | Noticed Robin
  1523 | D:2      | Reached XP level 3. HP: 23/27 MP: 4/4
  1542 | D:2      | HP: 1/27 [Robin/falchion (6)]
  1547 | D:2      | Killed Robin
  1584 | D:2      | HP: 1/27 [hobgoblin[Robin] (4)]
  1589 | D:2      | Noticed Sigmund
  1589 | D:2      | Killed from afar by Sigmund

Skill      XL: |  1  2  3 |
---------------+----------+-----
Fighting       | 2 |  2.0
Short Blades   | 1 2 |  2.0
Dodging        | |  1.5
Stealth        | |  0.7
Evocations     | |  2.7

Action                   || total
-------------------------++-------
Melee: Short sword       ||    11
       Dagger            ||    76
Evoke: Wand              ||     3
Armor: Leather armour    ||    15
Dodge: Dodged            ||    38
